[Event "*** Titled Tuesday Blitz"]
[Site "Chess.com"]
[Date "2021.02.16"]
[Round "5"]
[White "Rozum_Ivan"]
[Black "rasmussvane"]
[Result "1/2-1/2"]
[WhiteElo "2769"]
[BlackElo "2920"]
[TimeControl "180+1"]
[EndTime "10:58:29 PST"]
[Termination "Game drawn by repetition"]

1. d4 d5 2. c4 e6 3. Nc3 a6 4. cxd5 exd5 5. Nf3 Nf6 6. Bg5 Be6 7. e3 Nbd7 8. Bd3 Bd6 9. O-O c6 10. Bf4 Qc7 11. Bxd6 Qxd6 12. h3 O-O 13. Qc2 g6 14.
Rfe1 Rfe8 15. Rab1 Qe7 16. b4 Nb6 17. a4 Rec8 18.
Qe2 Qd8 19. Nd2 Ne8 20. a5 Nd7 21. Nb3 Nd6 22. Na4 Rc7 23. Nbc5 Nf6 24. Nxe6 fxe6 25.
Nc5 Re7 26. Qb2 Qf8 27. e4 dxe4 28. Bxe4 Nfxe4 29. Nxe4 Nxe4 30. Rxe4 Qf6 31. Rbe1 Rd8 32. Qb3 Rd5 33. Qe3 Kg7 34. Rxe6 Rxe6 35. Qxe6 Qxe6 36.
Rxe6 Kf7 37. Re4 Rb5 38. d5 Rxd5 39. g4 g5 40. Kg2 Kf6 41. Kg3 Rd3+ 42. f3 Rb3 43. Kg2 h6 44. Kg3 Kf7 45. Kg2 Rc3 46. Kg3 Kf6 47. Kg2 Rc2+ 48. Kg3 Rc3 49. Kg2 Rb3 50.
Kg3 Rc3 1/2-1/2

[Event "*** Titled Tuesday Blitz"]
[Site "Chess.com"]
[Date "2021.02.16"]
[Round "5"]
[White "kamilianin235"]
[Black "Shahaliyev"]
[Result "0-1"]
[WhiteElo "2193"]
[BlackElo "2676"]
[TimeControl "180+1"]
[EndTime "10:58:30 PST"]
[Termination "Shahaliyev won on time"]

1. e4 c6 2. d4 d5 3. Nd2 dxe4 4. Nxe4 Bf5 5. Ng3 Bg6 6. Nh3 Nf6 7. Nf4 e5 8. dxe5 Qa5+ 9. c3 Qxe5+ 10. Be2 Bc5 11. O-O O-O 12. Qb3 Qc7 13. Bf3 Nbd7 14. Nxg6 hxg6 15. Qa4 Rfe8 16. Bf4 Bd6 17. Bxd6 Qxd6 18. Rad1 Qc7 19. Qb3 Ne5 20. Be2 a5 21. Qc2 a4 22.
Rd4 a3 23. b3 Rad8 24. Rfd1 Rxd4 25. cxd4 Ned7 26. Bf3 Qd6 27. Ne4 Nxe4 28. Bxe4 Nf6 29. Bf3 Rd8 30. Qd2 Re8 31. g3 Nd5 32. Re1 Rd8 33. Rd1 Nc7 34. Qe2 Nb5 35. Qe3 Nxd4 36. Rc1 Nb5 37. Be2 Nd4 38. Bd1 Nf5 39. Qe1 Qd2 40.
Qxd2 Rxd2 41. Ra1 Nd4 42. Kf1 Nb5 43. Ke1 Rb2 44. Bf3 Nd4 45. Bd1 Nb5 46. Bf3 Nc3 47.
Rc1 Nxa2 48. Ra1 Nb4 49. Bd1 a2 0-1

[Event "*** Titled Tuesday Blitz"]
[Site "Chess.com"]
[Date "2021.02.16"]
[Round "5"]
[White "vovachesss"]
[Black "EvgenyT"]
[Result "0-1"]
[WhiteElo "2659"]
[BlackElo "2931"]
[TimeControl "180+1"]
[EndTime "10:58:31 PST"]
[Termination "EvgenyT won on time"]

1. d4 Nf6 2. Bf4 b6 3. Nf3 Bb7 4. e3 c5 5. c3 g6 6. Nbd2 Bg7 7. h3 O-O 8. Bd3 Nc6 9. O-O Rc8 10.
Qe2 d6 11. Rac1 Qd7 12. a3 Rfd8 13. e4 e5 14. Be3 exd4 15. cxd4 cxd4 16. Nxd4 d5 17. Nxc6 Bxc6 18. Ba6 Bb7 19. e5 Ne4 20. Nxe4 dxe4 21. Bf4 Rxc1 22. Rxc1 Bxa6 23. Qxa6 Qf5 24. Be3 Qxe5 25. Qxa7 Qxb2 26. Qxb6 Qxb6 27. Bxb6 Ra8 28.
Bc5 h5 29. Kf1 Ra4 30. Rc2 f5 31. Ke2 Kf7 32. Bb4 Be5 33. Rc5 Bd6 34. Rb5 Bxb4 35. axb4 h4 36. Ke3 Ra3+ 37. Kf4 Ra2 38. Rb7+ Kf6 39.
Rb6+ Kf7 40. Ke3 Ra3+ 41. Kf4 Ra2 42. Ke3 g5 43. Rb5 Ke6 44. Rb6+ Ke7 45. Rb5 Ra3+ 46. Kd4 Rd3+ 47. Ke5 Rd2 48. Kxf5 Rxf2+ 49. Kxg5 Ke6 50. Rb8 Ke7 51. b5 e3 0-1

[Event "*** Titled Tuesday Blitz"]
[Site "Chess.com"]
[Date "2021.02.16"]
[Round "5"]
[White "GianmarcoVaR"]
[Black "PSvidler"]
[Result "1/2-1/2"]
[WhiteElo "2660"]
[BlackElo "2910"]
[TimeControl "180+1"]
[EndTime "10:58:31 PST"]
[Termination "Game drawn by repetition"]

1. d4 Nf6 2. c4 g6 3. Nf3 Bg7 4. g3 O-O 5. Bg2 d6 6. Nc3 Nc6 7. O-O a6 8. b3 Rb8 9. d5 Na5 10. Nd4 Bd7 11. Bb2 c5 12. dxc6 bxc6 13. Qd2 c5 14. Nf3 Bc6 15. Rab1 Ne4 16. Qc2 Nxc3 17. Bxc3 Be4 18. Qxe4 Bxc3 19. h4 Bf6 20. h5 Qc7 21. h6 Nc6 22. Rfd1 Rfd8 23. Qf4 Ne5 24. Nd2 Nd7 25. Ne4 Be5 26. Qe3 Nf6 27. f4 Bd4 28. Rxd4 cxd4 29. Qxd4 Qb6 30. Nxf6+ exf6 31. Qxb6 Rxb6 32. Kf2 Kf8 33. Rd1 Ke7 34. Rd5 Rc8 35. Rd3 Rc5 36. Re3+ Kf8 37. Bf3 a5 38. Bg4 d5 39. Bd7 Rb8 40. Bb5 dxc4 41. Bxc4 Rh5 42.
Rd3 Rb7 43. Rd8+ Ke7 44. Ra8 Rc7 45. Kf3 Kd6 46. Ra6+ Ke7 47. e4 Rxh6 48. Rxa5 Rh2 49. Ra8 Rc2 50. a4 R7xc4 51. bxc4 Rxc4 52. a5 Rc3+ 53. Kf2 Rc4 54. Kf3 Rc3+ 55. Kf2 Rc4 56. Kf3 1/2-1/2

[Event "*** Titled Tuesday Blitz"]
[Site "Chess.com"]
[Date "2021.02.16"]
[Round "5"]
[White "NikolaN98"]
[Black "politeplayer"]
[Result "1-0"]
[WhiteElo "2468"]
[BlackElo "2220"]
[TimeControl "180+1"]
[EndTime "10:58:31 PST"]
[Termination "NikolaN98 won by checkmate"]

1. f4 e5 2. fxe5 Nc6 3. g3 h5 4. Nf3 h4 5. Rg1 hxg3 6. hxg3 d6 7. d4 Bg4 8. Bf4 Bxf3 9. exf3 g5 10. Be3 dxe5 11.
d5 Nd4 12. Bxd4 exd4 13. Qxd4 Qe7+ 14. Be2 Rh2 15. Nc3 O-O-O 16. Qxa7 Bg7 17. O-O-O Bxc3 18. Bb5 Bxb2+ 19. Kb1 Qa3 20. Ba4 b5 21. Qa8+ Kd7 22. Bxb5+ Ke7 23. Rge1+ Kf8 24. Qxd8+ Kg7 25. Qxg5+ Kh8 26.
Rh1 Bg7 27. Rxh2+ Nh6 28. Rxh6+ Kg8 29. Rf6 Qb4+ 30. Kc1 Qa3+ 31. Kd2 Qb4+ 32. Ke3 Qc5+ 33. Ke4 Qb4+ 34. Rd4 Qe1+ 35. Kf4 Qc1+ 36. Kg4 Qxg5+ 37. Kxg5 Bxf6+ 38. Kxf6 Kf8 39. Re4 c6 40. Bxc6 Kg8 41. Re8+ Kh7 42. d6 Kh6 43. d7 Kh5 44. Rh8# 1-0

[Event "*** Titled Tuesday Blitz"]
[Site "Chess.com"]
[Date "2021.02.16"]
[Round "5"]
[White "Lysiak_Poltorak"]
[Black "iulik86"]
[Result "0-1"]
[WhiteElo "2430"]
[BlackElo "2626"]
[TimeControl "180+1"]
[EndTime "10:58:32 PST"]
[Termination "iulik86 won by resignation"]

1. d4 f5 2. g4 fxg4 3. h3 g3 4. fxg3 d5 5. Bg2 e6 6. Nc3 Bd6 7. e4 Bxg3+ 8. Kf1 Qf6+ 9. Nf3 Ne7 10. Bg5 Qf7 11. Bxe7 Qxe7 12. exd5 O-O 13. Qe2 Na6 14.
dxe6 Qxe6 15. d5 Qg6 16. Ne4 Bf4 17. Re1 Bd7 18. Qc4 Kh8 19. Kf2 Rae8 20. Rhf1 Qb6+ 21.
Qd4 Qxd4+ 22. Nxd4 Bd2+ 23. Kg3 Bxe1+ 24. Rxe1 Nb4 25. c4 Nd3 26. Re3 Nxb2 27. Rb3 Nxc4 28. Rxb7 Ne3 29. Bf3 Nf5+ 30. Nxf5 Bxf5 31. Nc5 Re3 32. Rb3 Rxb3 33. axb3 Bxh3 34. Ne6 Bxe6 35. dxe6 Re8 36. Bd5 g6 37. Kf4 Kg7 38. Ke5 Re7 39. Bc6 h5 40. Bd7 h4 41. Bc6 h3 42. b4 a6 43. Bb7 h2 44. Bc6 Kf8 45. Kf6 Rg7 46.
Bh1 g5 47. e7+ Rxe7 48. Kxg5 Re1 0-1

[Event "*** Titled Tuesday Blitz"]
[Site "Chess.com"]
[Date "2021.02.16"]
[Round "5"]
[White "lagedema"]
[Black "SanchezKelvin"]
[Result "1-0"]
[WhiteElo "2569"]
[BlackElo "2400"]
[TimeControl "180+1"]
[EndTime "10:58:32 PST"]
[Termination "lagedema won on time"]

1. d4 Nf6 2. Bg5 Ne4 3. Bf4 c5 4. e3 d5 5. Bd3 Nf6 6. c3 Nc6 7. Nd2 Qb6 8. Rb1 Bg4 9. Qa4 Bd7 10. Qc2 cxd4 11. exd4 Rc8 12. Qd1 e5 13. dxe5 Ng4 14. Qe2 Bc5 15. Bg3 O-O 16. Ngf3 Rfe8 17. O-O Bd6 18.
Bxh7+ Kh8 19. Bc2 Ncxe5 20. Nxe5 Bxe5 21. Qd3 g6 22. Bxe5+ Rxe5 23. Qg3 Re2 24. Bd1 Rxd2 25. Bxg4 Bxg4 26. Qxg4 Re8 27. Qf4 Ree2 28. Qxf7 Qd6 29.
Rbd1 Rxf2 30. Qxf2 Rxf2 31. Rxf2 Kg7 32. Rfd2 a5 33.
Kh1 Qb6 34. b3 Qc5 35. Rxd5 Qxc3 36. Rd7+ Kh6 37. h3 b5 38. R7d6 a4 39. bxa4 bxa4 40. R1d2 a3 41. R6d3 Qc1+ 42. Kh2 Qc7+ 43. Kg1 Qc1+ 44.
Kf2 Qc5+ 45. Ke2 Qe5+ 46. Kd1 Qa1+ 47. Ke2 Qe5+ 48. Re3 Qb5+ 49. Kf2 Qf5+ 50. Rf3 Qc5+ 51. Ke2 Qc4+ 52. Rfd3 Qe4+ 53. Kd1 Qa4+ 54. Rb3 Qa6 55. Rdd3 1-0

[Event "*** Titled Tuesday Blitz"]
[Site "Chess.com"]
[Date "2021.02.16"]
[Round "5"]
[White "HElissalt"]
[Black "AungTZ"]
[Result "0-1"]
[WhiteElo "2202"]
[BlackElo "2031"]
[TimeControl "180+1"]
[EndTime "10:58:32 PST"]
[Termination "AungTZ won on time"]

1. d4 Nf6 2. c4 e6 3. Nf3 Bb4+ 4.
Bd2 a5 5. g3 O-O 6. Bg2 d5 7. O-O h6 8. Qc2 c6 9. c5 Bxd2 10. Nbxd2 b6 11. cxb6 Qxb6 12. Nb3 a4 13. Nc5 Nbd7 14. Nxd7 Nxd7 15. Rfc1 Ba6 16. Qxc6 Qxc6 17.
Rxc6 Bxe2 18. Rc7 Nb6 19. Rac1 Nc4 20. Rc2 Bxf3 21. Bxf3 Rab8 22. Be2 Nxb2 23. a3 g6 24. h4 h5 25. g4 hxg4 26. Re7 Rfc8 27. Rxc8+ Rxc8 28. Bxg4 Kg7 29. Bxe6 Kf6 30. Bxc8 Kxe7 31. Ba6 Kd6 32. Bb5 Nc4 33. Bxa4 Nxa3 34. Be8 Ke7 35. Bc6 Ke6 36. Kg2 Nc2 37. Bb5 Nxd4 38. Bd3 Nf5 39.
Kh3 Kf6 40. Kg4 Nh6+ 41. Kg3 Ke5 42. Bb1 f5 43. Kf3 d4 44. Kg3 Nf7 45. Kf3 Nd6 46.
Bd3 Ne8 47. Kg3 Nf6 48. Kf3 Nh5 49. Bc4 Nf4 0-1

[Event "*** Titled Tuesday Blitz"]
[Site "Chess.com"]
[Date "2021.02.16"]
[Round "5"]
[White "PowerThinking2650"]
[Black "SimplyDevina"]
[Result "1-0"]
[WhiteElo "2425"]
[BlackElo "2246"]
[TimeControl "180+1"]
[EndTime "10:58:33 PST"]
[Termination "PowerThinking2650 won by resignation"]

1. e4 d5 2. exd5 Qxd5 3. Nc3 Qd8 4. d4 Nf6 5. Nf3 g6 6. Bc4 Bg7 7. O-O O-O 8. h3 a6 9. Re1 b5 10. Bb3 Bb7 11. Ne5 Nbd7 12. Bg5 Nb6 13. Qd2 b4 14. Na4 Nxa4 15. Bxa4 Qd5 16. f3 c5 17. Bb3 Qxd4+ 18. Qxd4 cxd4 19. Rad1 Rad8 20. Ng4 Rd7 21. Rxe7 Rxe7 22. Nxf6+ Bxf6 23. Bxf6 Rd7 24. Re1 Bd5 25. g4 Bxb3 26. axb3 d3 27. cxd3 Rxd3 28. Kg2 Rxb3 29. Re7 a5 30. h4 a4 31. Kg3 a3 32. bxa3 bxa3 33. Ra7 Rc8 34. h5 gxh5 35. g5 Kf8 36. Kh4 Ke8 37. Kxh5 Rxf3 38. Kh6 Rh3+ 39.
Kg7 Rc4 40. Re7+ Kd8 41. Re4+ Kd7 42. Rxc4 a2 43. Ra4 Rh2 44. Kxf7 Rf2 45. Ra7+ Kd6 46. Kg7 h5 47. gxh6 Rg2+ 48. Kf7 Rf2 49. Kg6 Kd5 50.
h7 Rg2+ 51. Bg5 Kc4 52. h8=Q 1-0

[Event "*** Titled Tuesday Blitz"]
[Site "Chess.com"]
[Date "2021.02.16"]
[Round "5"]
[White "Iskusnyh"]
[Black "Witik"]
[Result "0-1"]
[WhiteElo "2602"]
[BlackElo "2775"]
[TimeControl "180+1"]
[EndTime "10:58:34 PST"]
[Termination "Witik won by resignation"]

1. d4 d5 2. c4 e6 3. Nf3 c6 4. b3 f5 5. g3 Nf6 6. Bg2 Bd6 7. O-O Qe7 8. Qc2 O-O 9. Ne5 Nbd7 10. Nd3 b6 11. Nd2 Bb7 12. Nf3 Rac8 13. Bf4 c5 14.
Bxd6 Qxd6 15. cxd5 cxd4 16. Qb2 e5 17. Nd2 Bxd5 18.
Nc4 Qe6 19. Qa3 Bxg2 20. Kxg2 Nd5 21. Qxa7 f4 22. Qa3 e4 23. Ne1 d3 24. exd3 f3+ 25. Kg1 b5 26. Qd6 Rce8 27. Qxe6+ Rxe6 28. dxe4 Nc3 29. Nd2 Ne5 30. Kh1 Rd6 31. Rc1 b4 32. Rc2 Rf7 33.
a4 g5 34. h3 h5 35. a5 g4 36. Kh2 Ra7 37. Nc4 Nxc4 38. bxc4 Rxa5 39. Rb2 Ra4 40. Nc2 Rd2 41. Ne3 Rxb2 42. hxg4 hxg4 43. Nxg4 Nxe4 44. Ne5 Rxf2+ 45. Rxf2 Nxf2 46. Nxf3 b3 47. Nd2 b2 48. c5 Ne4 49. c6 Nxd2 0-1

[Event "*** Titled Tuesday Blitz"]
[Site "Chess.com"]
[Date "2021.02.16"]
[Round "5"]
[White "Chamal_Gedgafov"]
[Black "DarZay"]
[Result "1-0"]
[WhiteElo "2347"]
[BlackElo "2151"]
[TimeControl "180+1"]
[EndTime "10:58:34 PST"]
[Termination "Chamal_Gedgafov won on time"]

1. d4 d5 2. c4 e6 3. Nc3 Be7 4. Nf3 Nf6 5. cxd5 exd5 6. Bg5 h6 7. Bh4 O-O 8. Qc2 c6 9. e3 Ne4 10. Bg3 Bf5 11. Bd3 Nxg3 12. hxg3 Bxd3 13. Qxd3 Na6 14. Ne5 Nb4 15. Qd2 Bd6 16. f4 Qc8 17. a3 Na6 18. Qe2 Bxe5 19. dxe5 f5 20. g4 fxg4 21. Rh4 Nc5 22.
O-O-O Qf5 23. Qc2 Qxc2+ 24. Kxc2 a5 25. Rxg4 b5 26. Rg6 b4 27. Ne2 Rac8 28. Nd4 Kh7 29. Rxc6 Ne4 30. Kb1 bxa3 31. bxa3 Nc3+ 32. Kc2 Nxd1 33.
Kxd1 Rb8 34. e6 Rfe8 35. Rc7 Kg6 36. f5+ Kf6 37. Rf7+ Kg5 38. Rxg7+ Kf6 39. Rg6+ Ke5 40. f6 Rb2 41. f7 Reb8 42. Rg8 Rb1+ 43. Kd2 R1b2+ 44.
Kc3 Rb1 45. f8=Q 1-0

[Event "*** Titled Tuesday Blitz"]
[Site "Chess.com"]
[Date "2021.02.16"]
[Round "5"]
[White "JosefineHeinemann"]
[Black "Rsnr"]
[Result "1/2-1/2"]
[WhiteElo "2614"]
[BlackElo "2778"]
[TimeControl "180+1"]
[EndTime "10:58:36 PST"]
[Termination "Game drawn by repetition"]

1. e4 c6 2. d4 d5 3. Nd2 dxe4 4. Nxe4 Bf5 5. Ng3 Bg6 6. h4 h6 7. Nf3 e6 8. Bd3 Bxd3 9. Qxd3 Nf6 10. Bd2 c5 11. O-O-O Nc6 12. Be3 Qa5 13. Kb1 Be7 14. dxc5 Bxc5 15. Ne4 Nxe4 16. Qxe4 Bxe3 17. Qxe3 O-O 18. g4 Rad8 19. g5 Rxd1+ 20. Rxd1 Rd8 21. Rxd8+ Qxd8 22. b3 hxg5 23. hxg5 Qd1+ 24. Kb2 g6 25. Ne5 Nd4 26. Qc3 Ne2 27. Qc8+ Kg7 28. Nd3 Qd2 29. Qxb7 Qc3+ 30. Kb1 Nd4 31. Qe4 Qxc2+ 32. Ka1 Qd1+ 33. Kb2 Qd2+ 34. Kb1 Qd1+ 35. Kb2 Qd2+ 36. Kb1 Nc6 37. Qxc6 Qxd3+ 38. Qc2 Qd5 39. Qc3+ e5 40. Kb2 Qe4 41. Qd2 Qf5 42. b4 Qf3 43. a4 Qe4 44. Kb3 Kh7 45.
b5 Qb1+ 46. Kc4 Qe4+ 47. Kb3 Kg7 48. a5 Qb1+ 49. Kc4 Qe4+ 50. Kb3 Qb1+ 51. Kc4 Qe4+ 52. Kb3 1/2-1/2

[Event "*** Titled Tuesday Blitz"]
[Site "Chess.com"]
[Date "2021.02.16"]
[Round "5"]
[White "lelya96"]
[Black "abeljusto"]
[Result "1-0"]
[WhiteElo "2235"]
[BlackElo "2019"]
[TimeControl "180+1"]
[EndTime "10:58:36 PST"]
[Termination "lelya96 won by resignation"]

1. e4 Nf6 2. e5 Nd5 3. d4 d6 4. Nf3 dxe5 5. dxe5 Nc6 6. Bb5 Bg4 7. h3 Bxf3 8. Qxf3 Qd7 9. Bxc6 Qxc6 10. O-O e6 11. Bd2 Be7 12. Nc3 Nxc3 13. Qxc6+ bxc6 14. Bxc3 O-O-O 15. Rad1 Rxd1 16. Rxd1 Rd8 17. Re1 Rd5 18. f4 g6 19. Kf2 Kb7 20. Kf3 Kb6 21. Re4 Bc5 22. Ke2 a6 23. g4 Be7 24. Bd4+ c5 25. Bf2 Rd7 26. Rc4 Kb5 27. b3 Bf8 28. h4 Be7 29.
a4+ Kc6 30. b4 Kd5 31. Kd3 cxb4 32. Rd4+ Kc6 33. Rxd7 Kxd7 34. Kc4 Kc6 35. a5 h5 36. g5 Bf8 37. Be1 Be7 38. Bxb4 Bxb4 39. Kxb4 Kd5 40. c3 Ke4 41. Kc5 Kxf4 42. Kc6 Kxe5 43. Kxc7 Kd5 44. Kb6 e5 45. Kxa6 e4 46. Kb7 e3 47. a6 e2 48.
a7 e1=Q 49. a8=Q Kc4 50. Qa4+ Kd3 51. Qd4+ Kc2 52. Kc6 Qxc3+ 53. Qxc3+ Kxc3 54. Kd5 Kd3 55. Ke5 Ke3 56. Kf6 Kf4 57. Kxf7 Kg4 58. Kxg6 Kxh4 59.
Kf6 Kg4 60. g6 h4 61. g7 h3 62. g8=Q+ Kf3 63. Qg1 1-0

[Event "*** Titled Tuesday Blitz"]
[Site "Chess.com"]
[Date "2021.02.16"]
[Round "5"]
[White "Oglob71"]
[Black "albi1999"]
[Result "1-0"]
[WhiteElo "2417"]
[BlackElo "2596"]
[TimeControl "180+1"]
[EndTime "10:58:38 PST"]
[Termination "Oglob71 won by resignation"]

1. d4 d5 2. Nf3 Nf6 3. c4 e6 4. Qc2 c5 5. dxc5 Bxc5 6. cxd5 Bb4+ 7. Bd2 Bxd2+ 8. Nbxd2 exd5 9. e3 O-O 10. Be2 Nc6 11. O-O Bg4 12. h3 Bh5 13. Nb3 Rc8 14. Qd1 Qb6 15.
Nfd4 Bxe2 16. Qxe2 Ne5 17. Rac1 Nc4 18. Rfd1 Rfe8 19. Rc2 Rc7 20. Rdc1 Rce7 21. Nf5 Re5 22. Nbd4 g6 23. Nh6+ Kg7 24. Ng4 Nxg4 25. Qxg4 h5 26. Qf3 R8e7 27. b3 Nd6 28. Rc5 Ne4 29. Rc8 Qa5 30.
a4 Qd2 31. Qe2 Qb4 32. Nf3 R5e6 33. Qd3 Rf6 34. Rd8 Nc5 35. Qd4 Qxd4 36. Nxd4 Ne6 37. Nxe6+ fxe6 38. Rcc8 e5 39. Rxd5 a6 40. a5 Kf7 41. b4 Ke6 42. Rcd8 Kf7 43. R8d7 Re6 44. Rxe7+ Rxe7 45. e4 Ke6 46. b5 axb5 47. Rxb5 Rc7 48. Rb6+ Kf7 49. f3 h4 50. Kh2 g5 51. Rb2 Rd7 52.
Kg1 Kg6 53. Kf2 Kh5 54. g4+ hxg3+ 55. Kxg3 Rd1 56. Rxb7 Rg1+ 57. Kf2 Ra1 58. Rb5 Ra2+ 59. Kg3 1-0

[Event "*** Titled Tuesday Blitz"]
[Site "Chess.com"]
[Date "2021.02.16"]
[Round "5"]
[White "thechesscorner64"]
[Black "Berardino"]
[Result "0-1"]
[WhiteElo "2416"]
[BlackElo "2587"]
[TimeControl "180+1"]
[EndTime "10:58:38 PST"]
[Termination "Berardino won by checkmate"]

1. e4 c5 2. Nf3 b6 3. d3 Bb7 4.
g3 e6 5. Bg2 Nf6 6. e5 Nd5 7.
O-O Be7 8. Nbd2 O-O 9. Ne4 f5 10. exf6 Nxf6 11. Nfg5 Nxe4 12. Bxe4 Bxe4 13. Nxe4 Nc6 14.
Qh5 Nd4 15. c3 Nf3+ 16. Kh1 d5 17. Nd2 Ng5 18. f4 Nf7 19. Nf3 g6 20. Qh3 Qd6 21. Bd2 e5 22. Rae1 Bf6 23. fxe5 Nxe5 24. Nxe5 Bxe5 25.
Bh6 Rxf1+ 26. Qxf1 d4 27. Qf3 Rd8 28. c4 Bg7 29.
Bxg7 Kxg7 30. Rf1 Qe7 31. Kg2 Re8 32. Rf2 h5 33. h4 a6 34. Qd5 Qe6 35. Qf3 b5 36. b3 Re7 37. Qf4 Qc6+ 38. Kh2 Kh7 39. Qf8 Qe8 40. Qf3 Re3 41. Qb7+ Kh6 42. Qc7 Qe5 43.
Qxe5 Rxe5 44. Rf6 Re2+ 45. Kh3 Rxa2 46. Rc6 b4 47. Rxc5 Rb2 48. Rd5 Rxb3 49. Rxd4 a5 50.
c5 Rc3 51. Rc4 Rxc4 52. dxc4 b3 53. c6 b2 54. c7 b1=Q 55. c8=Q Qh1# 0-1

[Event "*** Titled Tuesday Blitz"]
[Site "Chess.com"]
[Date "2021.02.16"]
[Round "5"]
[White "Pogosian_Manvel"]
[Black "rozabaku"]
[Result "1-0"]
[WhiteElo "2408"]
[BlackElo "2213"]
[TimeControl "180+1"]
[EndTime "10:58:39 PST"]
[Termination "Pogosian_Manvel won by resignation"]

1. d4 Nf6 2. c4 g6 3. Nf3 Bg7 4. g3 d5 5. cxd5 Nxd5 6. Bg2 O-O 7. O-O c6 8. e4 Nb6 9. h3 N8d7 10. Nc3 Nf6 11. Bf4 h6 12. b3 a5 13. Qe2 a4 14.
Qe3 Kh7 15. Rfd1 axb3 16. axb3 Rxa1 17. Rxa1 Be6 18. Rb1 Nh5 19. Be5 f6 20. d5 cxd5 21.
Bd4 Nc8 22. exd5 Bxd5 23. Nxd5 Qxd5 24. g4 Nf4 25. Qxf4 e5 26. Bxe5 fxe5 27. Qxf8 Bxf8 28. Ng5+ Kg7 29. Bxd5 hxg5 30. Bxb7 Nb6 31. b4 Kf6 32. b5 Ke6 33. Be4 Bc5 34. Rc1 Kd6 35.
Kg2 Nd7 36. Bxg6 Kd5 37. Bf5 Nb6 38. Kf3 Na4 39. Rd1+ Bd4 40. Be4+ Kc5 41. Bc6 Nc3 42. Rc1 Kb6 43. Rc2 Ka5 44. Kg3 Kb6 45. h4 gxh4+ 46. Kxh4 Nd1 47. f3 Ne3 48. Re2 Nc4 49. g5 Nd6 50. g6 Kc5 51. Kg5 e4 52. fxe4 Be5 53.
Rc2+ Kb6 54. Bd5 Kxb5 55. Rc6 Ne8 56. Re6 1-0

[Event "*** Titled Tuesday Blitz"]
[Site "Chess.com"]
[Date "2021.02.16"]
[Round "5"]
[White "GLeruste"]
[Black "sergivila"]
[Result "1-0"]
[WhiteElo "2457"]
[BlackElo "2299"]
[TimeControl "180+1"]
[EndTime "10:58:40 PST"]
[Termination "GLeruste won on time"]

1. d4 f5 2. Nc3 Nf6 3. Bg5 d5 4.
e3 e6 5. Bd3 Be7 6. Nf3 Ne4 7.
Bxe7 Qxe7 8. Ne2 O-O 9. O-O c5 10. c4 dxc4 11. Bxc4 Nd6 12. Bb3 Nd7 13. Rc1 b6 14. Nf4 c4 15. Bc2 Bb7 16. Ne5 Nxe5 17. dxe5 Nf7 18. b3 b5 19. bxc4 bxc4 20. Qe2 Nxe5 21.
Bb1 Rac8 22. Qb2 Nf7 23. a4 e5 24. Ne2 Nd6 25. Ba2 Qg5 26. f3 Qxe3+ 27. Kh1 e4 28. Rc3 Qc5 29. Qd2 exf3 30. gxf3 Rfd8 31. Qf4 Nf7 32.
Rxc4 Qe7 33. Rxc8 Bxc8 34. Nd4 Kh8 35. Nc6 Qa3 36. Nxd8 Nxd8 37. Qc4 Be6 38. Qc7 Qxa2 39. Qxd8+ Bg8 40. Re1 h6 41. Qe7 Kh7 42. Qe5 Qc2 43. Qe3 Bd5 44. Kg1 Qxa4 45. Kf2 Qh4+ 46. Ke2 Qxh2+ 47.
Kd3 Qd6 48. Qd4 Qa3+ 49. Qc3 1-0

[Event "*** Titled Tuesday Blitz"]
[Site "Chess.com"]
[Date "2021.02.16"]
[Round "5"]
[White "GelmanAlexander"]
[Black "Dedic8"]
[Result "0-1"]
[WhiteElo "2606"]
[BlackElo "2830"]
[TimeControl "180+1"]
[EndTime "10:58:41 PST"]
[Termination "Dedic8 won on time"]

1. d4 Nf6 2. Nc3 d5 3. Bf4 c5 4. e3 cxd4 5. exd4 Bg4 6. Qd2 Nc6 7.
Be2 Bxe2 8. Ngxe2 e6 9. Ng3 Bd6 10. Nce2 O-O 11. O-O Ne4 12. Nxe4 dxe4 13. Rad1 Ne7 14.
c4 Rc8 15. b3 f5 16. f3 exf3 17. Rxf3 Ng6 18. Bxd6 Qxd6 19. Qe3 e5 20. Qf2 Qd7 21. Rf1 exd4 22. Qxd4 Qe6 23. Nf4 Nxf4 24. Qxf4 Rcd8 25. g4 g6 26. gxf5 Rxf5 27. Qg4 Re5 28.
Qxe6+ Rxe6 29. Rf7 Rd2 30. Rf8+ Kg7 31. R8f7+ Kh6 32.
R7f2 Ree2 33. Kg2 Rxa2 34. Rxe2 Rxe2+ 35. Kg3 Rb2 36. Rf3 a5 37. h4 Kh5 38. Rd3 h6 39.
Rd5+ g5 40. Rb5 Rc2 41. hxg5 hxg5 42. Rxb7 a4 43. bxa4 Rxc4 44. a5 Rc3+ 45. Kf2 Ra3 46. Rb5 Kh4 47. Kg2 Ra2+ 48. Kf3 g4+ 49. Kf4 g3 0-1

[Event "*** Titled Tuesday Blitz"]
[Site "Chess.com"]
[Date "2021.02.16"]
[Round "5"]
[White "Bulldog167"]
[Black "lachesisQ"]
[Result "1-0"]
[WhiteElo "2892"]
[BlackElo "3046"]
[TimeControl "180+1"]
[EndTime "10:58:42 PST"]
[Termination "Bulldog167 won by checkmate"]

1. d4 Nf6 2. c4 g6 3. Nc3 Bg7 4. e4 d6 5. h3 Na6 6. Be3 O-O 7. g4 c5 8. Nge2 Bd7 9. Bg2 cxd4 10. Nxd4 Rc8 11. b3 Nc5 12. O-O a6 13. Rc1 b5 14. b4 Ne6 15. cxb5 Nxd4 16. Bxd4 Bxb5 17. Nxb5 axb5 18. Qd3 Qd7 19. Rfd1 Qe6 20. a3 Rc4 21. Rxc4 bxc4 22. Qc3 Bh6 23. b5 Nxe4 24. Bxe4 Qxe4 25.
a4 e5 26. Bb6 d5 27. Re1 Qd3 28. Qxd3 cxd3 29. Bc7 e4 30. b6 Bd2 31. Rb1 Ba5 32. Bf4 Bxb6 33. Rxb6 Ra8 34. Rb4 f5 35. gxf5 gxf5 36.
Kf1 Kf7 37. Ke1 Rc8 38. a5 Rg8 39. Ra4 Rg1+ 40. Kd2 d4 41. a6 Rf1 42. a7 Rxf2+ 43. Ke1 Rxf4 44. a8=Q Rf3 45. Ra7+ Kg6 46. Qg8+ Kf6 47.
Qg7+ Ke6 48. Qe7+ Kd5 49. Ra5+ Kc4 50. Qc5+ Kb3 51. Rb5+ Ka2 52. Qa7# 1-0

[Event "*** Titled Tuesday Blitz"]
[Site "Chess.com"]
[Date "2021.02.16"]
[Round "5"]
[White "Doudou2015"]
[Black "pavelalexandru07"]
[Result "0-1"]
[WhiteElo "2058"]
[BlackElo "2324"]
[TimeControl "180+1"]
[EndTime "10:58:44 PST"]
[Termination "pavelalexandru07 won by checkmate"]

1. Nf3 c5 2. g3 g6 3. Bg2 Bg7 4. O-O Nc6 5. d3 e6 6. Nbd2 Nge7 7. e4 O-O 8. Re1 d5 9. e5 Qc7 10. Qe2 Nf5 11. c3 b5 12. a3 Ba6 13. b4 cxb4 14.
axb4 d4 15. Rxa6 dxc3 16. Nb3 Nxb4 17. Ra1 Rad8 18. Ba3 Nxd3 19. Bxf8 Nxe1 20. Nxe1 Bxf8 21. f4 b4 22. Nc2 Bc5+ 23. Kh1 a5 24. Rxa5 Rd2 25.
Nxd2 Qxa5 26. Nb3 Qb6 27. Qc4 Bf8 28. Be4 Ne3 29. Nxe3 Qxe3 30. Qd3 Qf2 31. h4 Qb2 32. Qc2 Qa3 33. Kg2 h5 34. Bxg6 fxg6 35. Qxg6+ Bg7 36. Qxe6+ Kh8 37. Qc8+ Kh7 38. Qc4 Qb2+ 39. Kf3 c2 40. Nd2 Qc3+ 41. Qxc3 bxc3 42. Nb3 Bf8 43. Ke4 Ba3 44.
Kd3 c1=Q 45. Nxc1 Bxc1 46. Kxc3 Kg6 47. Kd3 Kf5 48. Kd4 Ba3 49. Kd5 Bb4 50. Kc4 Be1 51. Kd5 Bxg3 52. e6 Bxh4 53. Kd6 Kxf4 54. Kd7 Bf6 55.
e7 Bxe7 56. Kxe7 h4 57. Kf6 h3 58. Ke6 h2 59. Kd5 h1=Q+ 60. Kd4 Qf3 61. Kc5 Qe3+ 62. Kd6 Qd4+ 63. Kc7 Qd5 64. Kc8 Qf7 65. Kb8 Qd7 66.
Ka8 Ke5 67. Kb8 Kd6 68. Ka8 Kc6 69. Kb8 Qb7# 0-1

[Event "*** Titled Tuesday Blitz"]
[Site "Chess.com"]
[Date "2021.02.16"]
[Round "5"]
[White "IAgrest"]
[Black "karenzadita"]
[Result "1-0"]
[WhiteElo "2317"]
[BlackElo "2400"]
[TimeControl "180+1"]
[EndTime "10:58:45 PST"]
[Termination "IAgrest won by resignation"]

1. e4 c5 2. Nf3 g6 3. d4 cxd4 4. Nxd4 Nc6 5. Nc3 Bg7 6. Be3 Nf6 7. Bc4 O-O 8. Bb3 d6 9. h3 Bd7 10. O-O Nxd4 11. Bxd4 Bc6 12. Qd3 a6 13. Rad1 Qc7 14.
f4 Nd7 15. Bxg7 Kxg7 16. Qd4+ f6 17. Bd5 Qb6 18. Qxb6 Nxb6 19. b3 Rac8 20. Rf3 Nxd5 21. exd5 Bd7 22. Re1 Kf7 23. Rfe3 Rfe8 24. R1e2 b5 25.
a4 b4 26. Na2 a5 27. c4 bxc3 28. Nxc3 Rc5 29. Kf2 h5 30. Kf3 Bc8 31. g4 hxg4+ 32. hxg4 Bb7 33. Rh2 Kg7 34. Rhe2 Kf7 35. Rh2 Bxd5+ 36.
Nxd5 Rxd5 37. Rh7+ Kg8 38. Rhxe7 Rxe7 39. Rxe7 Rd3+ 40.
Ke4 Rxb3 41. Re6 Kf7 42. Rxd6 Rb4+ 43. Rd4 f5+ 44. gxf5 gxf5+ 45. Ke5 Kg6 46. Rxb4 axb4 47. Kd4 Kh5 48. a5 Kg4 49. a6 Kxf4 50. a7 Kg3 51. a8=Q f4 52. Qg8+ Kf2 53. Ke4 f3 54. Qf7 1-0